 Dungeon Crawl Stone Soup version 0.30-a0-373-gd37427bb62 (webtiles) character file.

Game seed: 9936333224033441831

356 fleeber the Conjurer (level 6, -5/32 HPs)
             Began as a Deep Elf Conjurer on Nov 24, 2022.
             Shot with a bolt by an orc warrior (23 damage)
             ... on level 5 of the Dungeon.
             The game lasted 00:09:42 (2918 turns).

fleeber the Conjurer (Deep Elf Conjurer)            Turns: 2918, Time: 00:09:42

Health: -5/32      AC:  3    Str:  4    XL:     6   Next: 36%
Magic:  10/16      EV: 12    Int: 25    God:
Gold:   106        SH:  0    Dex: 13    Spells: 9/16 levels left

rFire   . . .      SeeInvis +    e - +0 dagger
rCold   . . .      Faith    .    (no shield)
rNeg    . . .      Spirit   .    a - +0 robe
rPois   +          Reflect  .    (no helmet)
rElec   .          Harm     .    d - +0 cloak
rCorr   .          Rampage  .    (no gloves)
Will    .....                    (no boots)
Stlth   ++........               (no amulet)
HPRegen 0.25/turn                k - ring of see invisible
MPRegen 0.15/turn                i - ring of poison resistance

@: no status effects
A: no striking features
a: no special abilities


You were on level 5 of the Dungeon.
You visited 1 branch of the dungeon, and saw 4 of its levels.

You collected 106 gold pieces.

Inventory:

Hand Weapons
 e - a +0 dagger (weapon)
Armour
 a - a +0 robe (worn)
 d - a +0 cloak (worn)
Jewellery
 i - a ring of poison resistance (right hand)
 k - a ring of see invisible (left hand)
Scrolls
 c - 3 scrolls of identify {unknown}
 g - a scroll of teleportation {unknown}
 l - a scroll of enchant weapon {unknown}
 o - a scroll of magic mapping {unknown}
 p - a scroll of fog {unknown}
 q - a scroll of fear {unknown}
Potions
 b - a potion of magic
 f - a potion of resistance {unknown}
 h - a potion of cancellation {unknown}
 j - a potion of heal wounds {unknown}
 m - a potion of ambrosia {unknown}
 n - 2 potions of berserk rage {unknown}
 r - a potion of brilliance {unknown}


   Skills:
 - Level 2.4 Dodging
 - Level 2.4 Stealth
 + Level 5.7 Spellcasting
 + Level 6.1 Conjurations
 + Level 3.8 Translocations


You had 9 spell levels left.
You knew the following spells:

 Your Spells              Type           Power      Damage    Failure   Level
a - Magic Dart            Conj           100%       1d8       1%          1
b - Searing Ray           Conj           74%        2d7       1%          2
c - Iskenderun's Mystic   Conj/Tloc      32%        2d8       10%         4

Your spell library contained the following spells:

 Spells                   Type           Power      Damage    Failure   Level
 Dazzling Flash           Conj/Hex       44%        N/A       6%          3
 Ozocubu's Armour         Ice            7%         N/A       22%         3
 Fulminant Prism          Conj/Hex       11%        3d9       22%         4
 Metabolic Englaciation   Hex/Ice        3%         N/A       91%         5
 Simulacrum               Ice/Necr       3%         N/A       100%        6


Dungeon Overview and Level Annotations

Branches:
Dungeon (3/15)

Altars:
Sif Muna

Annotations:
D:2 1 runed translucent door, Crazy Yiuf, Sigmund


Message History

The orc warrior shouts!
The orc warrior unwields a +0 long sword.
The orc warrior wields a +0 arbalest.
The orc warrior shoots a bolt.
The bolt hits you!
Casting: Magic Dart (safe; 1% risk of failure)
Confirm with . or Enter, or press ? or * to list all spells.
Aiming: Magic Dart (safe; 1% risk of failure)
Press: ? - help, Shift-Dir - straight line, f - orc warrior
Aim: an orc warrior, wielding a +0 arbalest and wearing a +3 chain mail (100% to hit)
The magic dart hits the orc warrior but does no damage.
Casting: Magic Dart (safe; 1% risk of failure)
Confirm with . or Enter, or press ? or * to list all spells.
Aiming: Magic Dart (safe; 1% risk of failure)
Press: ? - help, Shift-Dir - straight line, f/p - orc warrior
Aim: an orc warrior, wielding a +0 arbalest and wearing a +3 chain mail (100% to hit)
The magic dart hits the orc warrior.
The orc warrior is lightly wounded.
The orc warrior shoots a bolt.
The bolt completely misses you.
Casting: Magic Dart (safe; 1% risk of failure)
Confirm with . or Enter, or press ? or * to list all spells.
Aiming: Magic Dart (safe; 1% risk of failure)
Press: ? - help, Shift-Dir - straight line, f/p - orc warrior
Aim: an orc warrior, wielding a +0 arbalest and wearing a +3 chain mail (lightly wounded, 100% to hit)
The magic dart hits the orc warrior.
The orc warrior is lightly wounded.
The orc warrior shoots a bolt.
The bolt hits you.
Casting: Magic Dart (safe; 1% risk of failure)
Confirm with . or Enter, or press ? or * to list all spells.
Aiming: Searing Ray (safe; 1% risk of failure)
Press: ? - help, Shift-Dir - straight line, f/p - orc warrior
Aim: an orc warrior, wielding a +0 arbalest and wearing a +3 chain mail (lightly wounded, 78% to hit)
The searing ray hits the orc warrior.
The orc warrior is moderately wounded. (Press . to maintain the ray.)
The orc warrior shoots a bolt.
The bolt closely misses you.
The searing ray hits the orc warrior.
The orc warrior is moderately wounded.
The orc warrior shoots a bolt.
The bolt hits you!!
Ouch! That really hurt!
You die...

#.#### #.# #########
#....# #o# #.......#
####'## #.....o..
...####†######...#
###..#..#
#............+...#
...#...
#...###.######..)##
###.# .. ....# #.#
#....# #.# ## #.#.#
#.######....## #.#
#.... #.........@..##
#.#
..#.#.##########....#
###.#+# #.......#####
#.#..#.o....#
#†#..#.####.#
#.#..#....#.#####
#)#.......#.#...#
##.##......#.#.#.#
#...######.#.#.#.#


You could see an orc warrior.

Vanquished Creatures
  An ice beast (D:5)
  A jelly (D:5)
  2 hounds (D:5)
  Natasha (D:3)
  An orc wizard (D:5)
  4 gnolls (D:3)
  3 adders
  2 dart slugs
  6 orcs (D:5)
  3 endoplasms
  3 giant cockroaches
  3 goblins
  5 hobgoblins
  2 jackals (D:3)
  2 quokkas
  3 ball pythons
  3 bats (D:1)
  4 frilled lizards
  5 kobolds
  7 rats
61 creatures vanquished.

Notes
Turn   | Place    | Note
-------+----------+-------------------------------------------
     0 | D:1      | fleeber the Deep Elf Conjurer began the quest for the Orb.
     0 | D:1      | Reached XP level 1. HP: 10/10 MP: 6/6
   201 | D:1      | Reached XP level 2. HP: 15/15 MP: 5/8
   218 | D:1      | Learned a level 2 spell: Searing Ray
   257 | D:1      | Reached skill level 1 in Translocations
   606 | D:1      | Found a faded altar of an unknown god.
  1064 | D:2      | Found a shimmering blue altar of Sif Muna.
  1185 | D:2      | Reached XP level 3. HP: 19/19 MP: 5/10
  1379 | D:2      | Noticed Sigmund
  1842 | D:2      | Found a runed translucent door.
  1843 | D:2      | Noticed Crazy Yiuf
  2086 | D:3      | Noticed Natasha
  2091 | D:3      | Killed Natasha
  2092 | D:3      | Reached skill level 5 in Conjurations
  2092 | D:3      | Reached XP level 4. HP: 12/24 MP: 6/12
  2416 | D:3      | You fall into a shaft and drop 2 floors!
  2416 | D:5      | Entered Level 5 of the Dungeon
  2419 | D:5      | Noticed a scorpion
  2425 | D:5      | Noticed an ice beast
  2432 | D:5      | Killed an ice beast
  2433 | D:5      | Reached skill level 5 in Spellcasting
  2433 | D:5      | Reached XP level 5. HP: 22/28 MP: 3/14
  2594 | D:5      | Learned a level 4 spell: Iskenderun's Mystic Blast
  2629 | D:5      | Noticed an orc warrior
  2646 | D:5      | Reached XP level 6. HP: 27/32 MP: 9/16
  2809 | D:5      | Reached skill level 6 in Conjurations
  2918 | D:5      | Shot with a bolt by an orc warrior

Illustrated notes

Levels and vault maps discovered:
D:1:      sevenhm_arrival_forest_fort_large_1, layout_loops_cross,
          shapermc_ecumenical_altar_starsandcircs, minmay_pentomino_t4
D:2:      layout_loops_cross, basic_altar, uniq_sigmund, uniq_crazy_yiuf_cottage
D:3:      layout_basic, grunt_temple_overflow_open, trog_three_pillars_becter,
          chequers_arboretum, feat_on_display, uniq_natasha
D:5:      minmay_general_purpose_star, layout_basic, nzn_wu_jian_council_hall,
          jmf_multi_god_temple2, serial_shops,
          nicolae_shop_bloodbath_and_beyond, nicolae_lakefront_shop,
          nicolae_shop_competitors_out_of_business, kennysheep_mini_moat,
          nicolae_lakefront_shop, minmay_misc_feat_five,
          minmay_misc_feat_diagonals

Skill      XL: |  1  2  3  4  5  6 |
---------------+-------------------+-----
Translocations | 1 2 3 |  3.8
Spellcasting   | 4 5 |  5.7
Conjurations   | 5 6 |  6.1
Dodging        | |  2.4
Stealth        | |  2.4

Action                   |  1- 3 |  4- 6 || total
-------------------------+-------+-------++-------
Melee: Dagger            |    15 |       ||    15
       Punch             |     1 |       ||     1
 Cast: Magic Dart        |    86 |    45 ||   131
       Searing Ray       |       |     9 ||     9
Armor: Robe              |     3 |     5 ||     8
Dodge: Dodged            |    15 |    19 ||    34

Table legend: (Time is in decaauts)
 A = Elapsed time spent in this place.
 B = Non-inter-level travel time spent in this place.
 C = Inter-level travel time spent in this place.
 D = Time resting spent in this place.
 E = Time spent auto-exploring this place.
 F = Levels seen in this place.
 G = Mean time per level.
                   A        B        C        D        E       F      G
               +--------+--------+--------+--------+--------+-----+--------+
         Total |   2920 |   2888 |     32 |    500 |   1974 |   4 |  730.0 |
       Dungeon |   2920 |   2888 |     32 |    500 |   1974 |   4 |  730.0 |
               +--------+--------+--------+--------+--------+-----+--------+

Top non-repeatable levels by time:
     D:1: 1066 daAuts
     D:2: 1050 daAuts
     D:5: 501 daAuts
     D:3: 302 daAuts
